 Dungeon Crawl Stone Soup version 0.22-a0-558-gc224181 (webtiles) character file.

36 iamserjio the Skirmisher (level 3, -3/23 HPs)
             Began as a Gargoyle Fighter on June 26, 2018.
             Slain by Menkaure (15 damage)
             ... on level 4 of the Dungeon.
             The game lasted 00:02:43 (338 turns).

iamserjio the Skirmisher (Gargoyle Fighter)          Turns: 338, Time: 00:02:43

Health: -3/23      AC: 10    Str: 19    XL:     3   Next: 37%
Magic:  3/3        EV:  7    Int:  8    God:
Gold:   9          SH:  9    Dex: 10    Spells: 2/2 levels left

rFire    . . .     SeeInvis .   a - +0 flail
rCold    . . .     Gourm    .   c - +0 shield
rNeg     + . .     Faith    .   b - +0 scale mail
rPois    ∞         Spirit   .   (no helmet)
rElec    +         Reflect  .   (no cloak)
rCorr    .         Harm     .   (no gloves)
MR       .....                  (no boots)
Stlth    ..........             (no amulet)
HPRegen  0.07/turn              (no ring)
MPRegen  0.08/turn              (no ring)

@: no status effects
A: negative energy resistance 1, electricity resistance, unbreathing,
petrification resistance, rot immunity, AC +3
a: no special abilities


You were on level 4 of the Dungeon.
You were not hungry.

You visited 1 branch of the dungeon, and saw 4 of its levels.

You collected 9 gold pieces.

Inventory:

Hand Weapons
 a - a +0 flail (weapon)
 g - a +0 hand axe
Armour
 b - a +0 scale mail (worn)
 c - a +0 shield (worn)
 j - a cursed +0 scale mail
Jewellery
 k - an uncursed ring of resist corrosion {unknown}
Scrolls
 e - a scroll of immolation {unknown}
Potions
 d - a potion of might
 h - a potion of resistance {unknown}
 i - a potion of brilliance {unknown}
Comestibles
 f - 2 rations


   Skills:
 + Level 3.6 Fighting
 * Level 2.7 Maces & Flails
 + Level 3.6 Armour
 + Level 3.6 Shields


You had 2 spell levels left.
You didn't know any spells.
Your spell library was empty.

Dungeon Overview and Level Annotations

Branches:
Dungeon (4/15)
 Temple: D:4-7

Altars:

Annotations:
D:4 Menkaure


Innate Abilities, Weirdness & Mutations

You are resistant to torment.
Your stone body is resilient. (AC +3)
You are immune to poison.
You resist negative energy. (rN+)
You are resistant to electric shocks. (rElec)
You can survive without breathing.
You are immune to petrification.
You are immune to rotting.


Message History

Menkaure, Prince of Dust comes into view.
Menkaure shouts!
There is a stone staircase leading up here.
Found an escape hatch in the floor.
You block Menkaure's attack.
You hit Menkaure but do no damage. You block Menkaure's attack.
You hit Menkaure.
Menkaure is lightly damaged.
Menkaure gestures at you while chanting.
Pain shoots through your body!
You barely miss Menkaure.
Menkaure is lightly damaged.
Menkaure's bandages flutter.
Menkaure calls on the powers of darkness!
Your body is wracked with pain!
You hit Menkaure.
Menkaure is moderately damaged.
You block Menkaure's attack. Menkaure hits you!
Ouch! That really hurt!
You die...

.# ##.# # ....
.. ...# .#
#..##.. #....
#.M# # #@##.#.#
#.#####......#
#.....<.#......
#########...###
.... ..... ...>
....


You could see Menkaure.

Vanquished Creatures
  An adder (D:3)
  2 dart slugs (D:2)
  2 giant cockroaches
  3 goblins
  2 hobgoblins
  4 jackals
  5 bats
  2 kobolds
  A rat (D:3)
22 creatures vanquished.

Notes
Turn   | Place    | Note
-------+----------+-------------------------------------------
     0 | D:1      | iamserjio the Gargoyle Fighter began the quest for the Orb.
     0 | D:1      | Reached XP level 1. HP: 14/14 MP: 1/1
   121 | D:2      | Reached XP level 2. HP: 19/19 MP: 2/2
   257 | D:3      | Reached XP level 3. HP: 23/23 MP: 3/3
   332 | D:4      | Noticed Menkaure
   338 | D:4      | Slain by Menkaure

Vault maps used:
D:1:      minmay_arrival_three_doors
D:2:      first_ration, minmay_pentomino_w2
D:4:      serial_shops, shop, uniq_duvessa, uniq_menkaure

Action                   || total
-------------------------++-------
Melee: Flail             ||    89
Armor: Scale mail        ||    55
Dodge: Dodged            ||    31
Block: Shield            ||    65

Table legend:
 A = Spawn XP
 B = Non-spawn XP
 C = Spawn XP percentage of total XP
 D = Spawn monster count
 E = Non-spawn monster count
 F = Spawn count percentage of total count
 G = Total turns spent on level
                    A         B        C        D         E        F      G
               +---------+---------+-------+---------+---------+-------+---------
         Total |       0 |      52 |   0.0 |       0 |      22 |   0.0 |   338
               +---------+---------+-------+---------+---------+-------+---------
           D:1 |       0 |       9 |   0.0 |       0 |       5 |   0.0 |   118
           D:2 |       0 |      16 |   0.0 |       0 |       8 |   0.0 |   137
           D:3 |       0 |      27 |   0.0 |       0 |       9 |   0.0 |    77
               +---------+---------+-------+---------+---------+-------+---------
